 Dungeon Crawl Stone Soup version 0.30.1-11-g7821555f0a (webtiles) character file.

Game seed: 1250174978554087294

23613 jfcaron the Cleaver (level 13, -3/104 HPs)
             Began as a Gnoll Berserker on Nov 12, 2023.
             Was an Elder of Trog.
             Slain by a skeletal warrior
             ... wielding a +0 war axe
              (18 damage)
             ... on level 12 of the Dungeon.
             The game lasted 00:31:09 (12702 turns).

jfcaron the Cleaver (Gnoll Berserker)              Turns: 12702, Time: 00:31:10

Health: -3/104     AC: 15    Str: 22    XL:     13   Next: 7%
Magic:  25/25      EV: 18    Int:  6    God:    Trog [****..]
Gold:   785        SH:  6    Dex: 12    Spells: 28/28 levels left

rFire   + . .        V - +2 war axe (elec)
rCold   . . .        R - +0 buckler
rNeg    . . .        r - +2 scale mail {Will+}
rPois   .            (no helmet)
rElec   .            C - +0 cloak
rCorr   .            (no gloves)
SInv    .            e - +2 pair of boots
Will    +....        j - amulet of regeneration
Stlth   ++           O - +5 ring of evasion
HPRegen 1.17/turn    Q - ring of protection from fire
MPRegen 0.19/turn

%: no passive effects
@: no status effects
A: fangs 1, strong nose, distributed training
a: Renounce Religion, Berserk, Trog's Hand, Brothers in Arms


You were on level 12 of the Dungeon.
You worshipped Trog.
Trog was greatly pleased with you.
You visited 1 branch of the dungeon, and saw 12 of its levels.
You also visited: Ice Cave.

You collected 873 gold pieces.
You spent 88 gold pieces at shops.

Inventory:

Hand Weapons
 a - a +0 war axe of venom
   (You took it off an orc on level 6 of the Dungeon)
 F - a +2 war axe of flaming
   (You took it off an orc on level 10 of the Dungeon)
 M - a +1 dagger of electrocution
   (You took it off an orc wizard on level 6 of the Dungeon)
 V - a +2 war axe of electrocution (weapon)
   (You found it on level 11 of the Dungeon)
Missiles
 c - 4 throwing nets (quivered) {!f}
 f - 89 stones
 i - 28 poisoned darts
 q - 5 silver boomerangs
Armour
 e - a +2 pair of boots (worn)
 k - a +4 chain mail
 r - a +2 scale mail of willpower (worn)
   (You took it off a gnoll sergeant on level 7 of the Dungeon)
 u - +0 ice dragon scales
 C - a +0 cloak (worn)
 R - a +0 buckler (worn)
Jewellery
 j - an amulet of regeneration (around neck)
   (You found it on level 1 of the Dungeon)
 w - a +6 ring of strength
   (You found it on level 4 of the Dungeon)
 x - a ring of protection from cold
   (You found it in an ice cave)
 O - a +5 ring of evasion (left hand)
   (You found it on level 6 of the Dungeon)
 Q - a ring of protection from fire (right hand)
   (You found it on level 7 of the Dungeon)
Wands
 B - a wand of polymorph (15)
 E - a wand of mindburst (30)
   (You found it on level 3 of the Dungeon)
 S - a wand of quicksilver (4)
 W - a wand of roots (4)
Scrolls
 d - a scroll of vulnerability {unknown}
 g - a scroll of torment {unknown}
 m - 3 scrolls of fear
 p - a scroll of summoning {unknown}
 v - 2 scrolls of poison
 y - 6 scrolls of teleportation
 D - a scroll of blinking
 G - 2 scrolls of brand weapon
 I - a scroll of acquirement {unknown}
 N - 3 scrolls of immolation {unknown}
 P - 2 scrolls of fog
 T - 3 scrolls of enchant armour
Potions
 h - 3 potions of haste
 l - 3 potions of brilliance {unknown}
 n - 2 potions of magic
 o - a potion of ambrosia
 s - 2 potions of flight
 z - 3 potions of attraction
 A - 2 potions of curing
 H - 2 potions of might
 J - 2 potions of berserk rage
 K - a potion of invisibility
 L - 2 potions of lignification {unknown}
 U - 2 potions of mutation
Miscellaneous
 b - a lightning rod (inert)
   (You found it on level 9 of the Dungeon)
 X - a phial of floods
   (You found it on level 12 of the Dungeon)


   Skills:
 + Level 10.5 Fighting
 + Level 8.2 Short Blades
 + Level 8.2 Long Blades
 + Level 10.5 Axes
 + Level 8.2 Maces & Flails
 + Level 8.2 Polearms
 + Level 8.2 Staves
 + Level 8.2 Ranged Weapons
 + Level 8.2 Throwing
 + Level 9.5 Armour
 + Level 9.5 Dodging
 + Level 8.2 Stealth
 + Level 8.2 Shields
 + Level 8.2 Unarmed Combat
 + Level 8.2 Spellcasting
 + Level 6.8 Conjurations
 + Level 6.8 Hexes
 + Level 6.8 Summonings
 + Level 6.8 Necromancy
 + Level 6.8 Translocations
 + Level 6.8 Transmutations
 + Level 6.8 Fire Magic
 + Level 6.8 Ice Magic
 + Level 6.8 Air Magic
 + Level 6.8 Earth Magic
 + Level 6.8 Poison Magic
 + Level 9.0 Invocations
 + Level 8.2 Evocations


You had 28 spell levels left.
You didn't know any spells.
Your spell library contained the following spells:

 Spells                   Type           Power      Damage    Failure   Level
 Beastly Appendage        Tmut           20%        N/A       3%          1
 Slow                     Hex            40%        N/A       3%          1
 Lesser Beckoning         Tloc           20%        N/A       4%          2
 Wereblood                Tmut           10%        N/A       4%          2
 Confusing Touch          Hex            10%        N/A       10%         3
 Dazzling Flash           Conj/Hex       20%        N/A       10%         3
 Gell's Gravitas          Tloc           10%        N/A       10%         3
 Spider Form              Tmut/Pois      10%        N/A       10%         3
 Stone Arrow              Conj/Erth      20%        3d8       10%         3
 Teleport Other           Tloc           10%        N/A       10%         3
 Vampiric Draining        Necr           10%        2d6       10%         3
 Vhi's Electric Charge    Tloc/Air       20%        N/A       10%         3
 Anguish                  Hex/Necr       5%         N/A       32%         4
 Animate Armour           Summ/Erth      20%        N/A       32%         4
 Cause Fear               Hex            5%         N/A       32%         4
 Agony                    Necr           10%        N/A       67%         5
 Arcjolt                  Conj/Air       5%         1d15      67%         5
 Silence                  Hex/Air        5%         N/A       67%         5
 Enfeeble                 Hex            5%         N/A       100%        7
 Lehudib's Crystal Spear  Conj/Erth      5%         10d3      100%        8
 Maxwell's Capacitive Co  Air            5%         ∞         100%        8


Dungeon Overview and Level Annotations

Branches:
Dungeon (12/15)            Temple (0/1) D:6            Lair (0/5) D:10
    Orc (0/2) D:12          IceCv (visited)

Altars:
Dithmenos
Elyvilon
Fedhas
Makhleb
Okawaru
Uskayaw
Wu Jian
Yredelemnul

Shops:
D:3 (

Portals:
Abyss: D:3

Annotations:
D:7 2 transporters, Esekla's ghost, novice DEWn


Innate Abilities, Weirdness & Mutations

You have very sharp teeth.
Your uncanny sense of smell can sniff out nearby items.
Your experience applies equally to all skills.


Message History

The skeletal warrior hits you with a +0 war axe!!
You block the skeletal warrior's attack.
The skeletal warrior barely misses you.
You are too injured to fight recklessly!
You are too injured to fight recklessly!
You are too injured to fight recklessly!
You are too injured to fight recklessly!
You are too injured to fight recklessly!
You are too injured to fight recklessly!
You are too injured to fight recklessly!
You are too injured to fight recklessly!
You are too injured to fight recklessly!
You are too injured to fight recklessly!
You are too injured to fight recklessly!
You are too injured to fight recklessly!
You are too injured to fight recklessly!
You are too injured to fight recklessly!
You are too injured to fight recklessly!
You are too injured to fight recklessly!
You are too injured to fight recklessly!
You are too injured to fight recklessly!
You are too injured to fight recklessly!
Okay, then.
Okay, then.
Unknown command.
The skeletal warrior attacks as you move away!
The skeletal warrior hits you with a +0 war axe!
You see here a yak corpse.
The skeletal warrior attacks as you move away!
The skeletal warrior hits you with a +0 war axe!!
* * * LOW HITPOINT WARNING * * *
You see here the +2 robe of Stoicism {rElec SInv}.
Your two-headed ogre goes berserk!
Trog will no longer gift you weapons.
The skeletal warrior completely misses you.
The skeletal warrior hits you from afar with a +0 trident!
* * * LOW HITPOINT WARNING * * *
The skeletal warrior attacks as you move away!
The skeletal warrior hits you with a +0 war axe!!
You die...

......# #### ##...
......#### #..# #..#
.........## #..# #.#
......##..# #..# ##.###
..........## #..# #..#..
......##...#####..##
#)##.
#########†††.z##...##
###.#.. #..##zz.#.O.####
#>#.#.# ##.####z@.#....#
#...#.# #z# ###.####.#
###.#.# .. #z## #.#
#.####....#
#.z.######..# #.##
#.......### #.z.z..###z#
#..# ##.......#
##.###.###.##
#..####.#.###.#
.##.z....####.....#.#.#
#.##
#...###.#...###.##.#...#
#..## ##....#...#.#
#.##.....# ##.#.


You could see 4 skeletal warriors and a friendly two-headed ogre (summoned,
berserk).

Vanquished Creatures
  A reaper (IceCv)
  Azrael (D:12)
  2 two-headed ogres
  A centaur warrior (D:9)
  A boulder beetle (D:12)
  Pikel (D:4)
  2 ugly things (D:9)
  A cyclops (D:11)
  2 ice statues (IceCv)
  3 gargoyles
  An unseen horror (D:7)
  2 komodo dragons
  7 ice devils (IceCv)
  A tengu conjurer (D:9)
  The ghost of eurytides the Poker, an amateur MiBe of Trog (D:3)
  3 trolls
  2 hornets
  8 slime creatures
  2 wyverns (D:9)
  4 wraiths (D:12)
  A vampire (D:7)
  4 dire elephant simulacra (IceCv)
  17 yaks
  2 fire elementals (D:12)
  2 steam dragons
  3 harpy simulacra (IceCv)
  2 acid dragons
  3 hydra simulacra (IceCv)
  2 hell hounds (D:12)
  2 water moccasins
  8 orc warriors
  A black bear (D:6)
  3 ice beasts
  An ogre (D:5)
  10 centaurs
  A kobold brigand (D:8)
  A lemure (D:4)
  3 phantoms
  4 bullfrogs
  2 two-headed ogre simulacra (D:11)
  A gnoll sergeant (D:7)
  5 scorpions
  8 wights
  17 killer bees
  A howler monkey (D:5)
  3 crimson imps (D:3)
  A small abomination (D:3)
  5 hounds
  2 jellies
  8 orc priests
  Crazy Yiuf (D:4)
  4 spriggan simulacra
  4 iguanas
  12 orc wizards
  A sleepcap (D:5)
  A troll simulacrum (IceCv)
  A polar bear simulacrum (IceCv)
  5 adders
  10 gnolls
  2 naga simulacra
  5 shadow imps
  A white imp (D:6)
  3 ufetubi
  A worm (D:3)
  2 dart slugs
  44 orcs
  9 endoplasms
  3 giant cockroaches
  8 goblins
  5 hobgoblins
  6 quokkas
  9 ball pythons
  4 bats
  14 kobolds
  11 rats
335 creatures vanquished.

Notes
Turn   | Place    | Note
-------+----------+-------------------------------------------
     0 | D:1      | jfcaron the Gnoll Berserker began the quest for the Orb.
     0 | D:1      | Reached XP level 1. HP: 23/23 MP: 1/1
   146 | D:1      | Reached XP level 2. HP: 29/29 MP: 2/2
   657 | D:1      | Reached ** piety under Trog
   718 | D:1      | Reached XP level 3. HP: 35/35 MP: 3/3
  1404 | D:2      | Reached skill level 1 in Invocations
  1494 | D:2      | Reached skill level 1 in Short Blades
  1494 | D:2      | Reached skill level 1 in Long Blades
  1494 | D:2      | Reached skill level 1 in Maces & Flails
  1494 | D:2      | Reached skill level 1 in Polearms
  1494 | D:2      | Reached skill level 1 in Staves
  1494 | D:2      | Reached skill level 1 in Ranged Weapons
  1494 | D:2      | Reached skill level 1 in Throwing
  1494 | D:2      | Reached skill level 1 in Stealth
  1494 | D:2      | Reached skill level 1 in Shields
  1494 | D:2      | Reached skill level 1 in Unarmed Combat
  1494 | D:2      | Reached skill level 1 in Spellcasting
  1494 | D:2      | Reached skill level 1 in Evocations
  1939 | D:3      | Found a transporter.
  1967 | D:3      | Reached XP level 4. HP: 41/41 MP: 5/5
  1985 | D:3      | Found a transporter.
  2023 | D:3      | Reached skill level 1 in Conjurations
  2023 | D:3      | Reached skill level 1 in Hexes
  2023 | D:3      | Reached skill level 1 in Summonings
  2023 | D:3      | Reached skill level 1 in Necromancy
  2023 | D:3      | Reached skill level 1 in Translocations
  2023 | D:3      | Reached skill level 1 in Transmutations
  2023 | D:3      | Reached skill level 1 in Fire Magic
  2023 | D:3      | Reached skill level 1 in Ice Magic
  2023 | D:3      | Reached skill level 1 in Air Magic
  2023 | D:3      | Reached skill level 1 in Earth Magic
  2023 | D:3      | Reached skill level 1 in Poison Magic
  2422 | D:3      | Found Apsoar's Weapon Shop.
  2425 | D:3      | Bought a +0 shortbow of flaming for 88 gold pieces
  2436 | D:3      | Found a one-way gate to the infinite horrors of the Abyss.
  2436 | D:3      | Noticed eurytides's ghost (amateur MiBe)
  2598 | D:3      | Reached XP level 5. HP: 17/47 MP: 7/7
  2641 | D:4      | HP: 5/47 [orc priest/divine providence (14)]
  2744 | D:4      | Found a runed translucent door.
  2745 | D:4      | Noticed Crazy Yiuf
  2836 | D:4      | Found a transporter.
  2862 | D:4      | Found a transporter.
  2874 | D:4      | Noticed a phantom
  2900 | D:4      | Killed a phantom
  2901 | D:4      | Reached skill level 5 in Armour
  2901 | D:4      | Reached skill level 5 in Dodging
  2901 | D:4      | Reached XP level 6. HP: 53/53 MP: 7/9
  2971 | D:4      | Noticed Pikel
  2984 | D:4      | Killed Pikel
  2985 | D:4      | Reached XP level 7. HP: 53/60 MP: 9/11
  3213 | D:4      | Reached XP level 8. HP: 65/67 MP: 12/12
  3533 | D:4      | Reached *** piety under Trog
  3784 | D:4      | Killed Crazy Yiuf
  3969 | D:3      | Killed eurytides's ghost
  4267 | D:5      | Entered Level 5 of the Dungeon
  4516 | D:5      | Reached XP level 9. HP: 73/73 MP: 13/15
  4561 | D:5      | Found a shadowy altar of Dithmenos.
  4689 | D:5      | Found an ornate altar of the Wu Jian Council.
  5397 | D:6      | Found a staircase to the Ecumenical Temple.
  5479 | D:6      | Reached skill level 5 in Invocations
  5485 | D:6      | HP: 9/74 [something (17)]
  5634 | D:6      | Found a shadowy altar of Dithmenos.
  6265 | D:7      | Reached **** piety under Trog
  6277 | D:7      | Reached skill level 5 in Short Blades
  6277 | D:7      | Reached skill level 5 in Long Blades
  6277 | D:7      | Reached skill level 5 in Maces & Flails
  6277 | D:7      | Reached skill level 5 in Polearms
  6277 | D:7      | Reached skill level 5 in Staves
  6277 | D:7      | Reached skill level 5 in Ranged Weapons
  6277 | D:7      | Reached skill level 5 in Throwing
  6277 | D:7      | Reached skill level 5 in Stealth
  6277 | D:7      | Reached skill level 5 in Shields
  6277 | D:7      | Reached skill level 5 in Unarmed Combat
  6277 | D:7      | Reached skill level 5 in Spellcasting
  6277 | D:7      | Reached skill level 5 in Evocations
  6476 | D:7      | Reached XP level 10. HP: 81/81 MP: 17/17
  6646 | D:7      | Noticed Esekla's ghost (novice DEWn)
  6649 | D:7      | Found a transporter.
  6652 | D:7      | Found a transporter.
  6867 | D:7      | Killed an unseen horror
  6901 | D:7      | Identified the +1 spear "Sugaum Ryda" {freeze, Dex+2}
  7424 | D:8      | Found a large runed translucent door.
  7425 | D:8      | Found a large runed translucent door.
  7515 | D:8      | Found a hide-covered altar of Uskayaw.
  7820 | D:8      | Found an iron altar of Okawaru.
  7832 | D:8      | Found a burning altar of Makhleb.
  7910 | D:9      | Reached ***** piety under Trog
  8062 | D:9      | Noticed a centaur warrior
  8082 | D:9      | Killed a centaur warrior
  8083 | D:9      | Reached skill level 5 in Conjurations
  8083 | D:9      | Reached skill level 5 in Hexes
  8083 | D:9      | Reached skill level 5 in Summonings
  8083 | D:9      | Reached skill level 5 in Necromancy
  8083 | D:9      | Reached skill level 5 in Translocations
  8083 | D:9      | Reached skill level 5 in Transmutations
  8083 | D:9      | Reached skill level 5 in Fire Magic
  8083 | D:9      | Reached skill level 5 in Ice Magic
  8083 | D:9      | Reached skill level 5 in Air Magic
  8083 | D:9      | Reached skill level 5 in Earth Magic
  8083 | D:9      | Reached skill level 5 in Poison Magic
  8083 | D:9      | Reached XP level 11. HP: 66/89 MP: 20/20
  8167 | D:9      | Noticed a white ugly thing
  8179 | D:9      | Killed a white ugly thing
  8262 | D:9      | Noticed a cyan ugly thing
  8279 | D:9      | Killed a cyan ugly thing
  8510 | D:9      | Noticed a two-headed ogre
  8518 | D:9      | Killed a two-headed ogre
  8602 | D:9      | You fall into a shaft and drop 3 floors!
  8603 | D:12     | Noticed a boulder beetle
  8626 | D:12     | Killed a boulder beetle
  8734 | D:12     | Noticed a two-headed ogre
  8741 | D:12     | Killed a two-headed ogre
  8946 | D:11     | Reached XP level 12. HP: 97/97 MP: 22/22
  8964 | D:11     | Found a frozen archway.
  9021 | IceCv    | Entered an ice cave
  9353 | IceCv    | Reached skill level 10 in Fighting
  9353 | IceCv    | Reached skill level 10 in Axes
  9579 | IceCv    | Received a gift from Trog
 10047 | IceCv    | Noticed a reaper
 10062 | IceCv    | Killed a reaper
 10327 | D:10     | Entered Level 10 of the Dungeon
 10367 | D:10     | Found a white marble altar of Elyvilon.
 11326 | D:10     | Found a staircase to the Lair.
 11555 | D:10     | Found a basalt altar of Yredelemnul.
 12362 | D:12     | Identified the +2 robe of Stoicism {rElec SInv}
 12375 | D:12     | Noticed Azrael
 12378 | D:12     | Found a staircase to the Orcish Mines.
 12389 | D:12     | Killed Azrael
 12390 | D:12     | Reached XP level 13. HP: 79/104 MP: 25/25
 12499 | D:12     | Found a blossoming altar of Fedhas.
 12701 | D:12     | HP: 15/104 [skeletal warrior/+0 trident (12)]
 12702 | D:12     | Slain by a skeletal warrior

Illustrated notes

Levels and vault maps discovered:
D:1:      mrwooster_arrival_statue_3, layout_basic, minmay_misc_feat_x,
          minmay_rat_gold_closets
D:2:      layout_basic
D:3:      layout_rooms, gammafunk_ghost_abyssal_escape, serial_shops,
          nicolae_shop_real_fake_doors, amcnicky_mini_rare_corridor_liquid,
          hex_large
D:4:      gammafunk_wand_slinger, layout_loops_corners,
          minmay_misc_feat_encased, kennysheep_cluttered_room, chequers_jeans,
          uniq_pikel, uniq_crazy_yiuf_cottage
D:5:      layout_loops_ring, hangedman_feature_mirror
D:6:      layout_gridville, grunt_dithmenos_smoke_and_mirrors,
          minmay_temple_entry_waves, nrook_pool_corridor, minmay_checkerbox
D:7:      minmay_blocky_corners, layout_basic, gammafunk_ghost_arena,
          st_stairs_1
D:8:      layout_loops_cross, mainiacjoe_overflow_alcove_4,
          jmf_multi_god_temple2
D:9:      layout_loops_ring, minmay_diamond_spiral
D:10:     layout_grid_maze, kennysheep_ying_yang, lair_entry_dummy
D:11:     layout_basic, portal_ice_cave_entry_ice_simulacra
D:12:     layout_rooms, orc_0_dummy, fedhas_bush_and_centaur_altar, uniq_azrael

Skill      XL: |  1  2  3  4  5  6  7  8  9 10 11 12 13 |
---------------+----------------------------------------+-----
Invocations    | 1 2 3 4 5 6 7 8 9 |  9.0
Short Blades   | 1 2 3 4 5 6 7 8 |  8.2
Long Blades    | 1 2 3 4 5 6 7 8 |  8.2
Maces & Flails | 1 2 3 4 5 6 7 8 |  8.2
Polearms       | 1 2 3 4 5 6 7 8 |  8.2
Staves         | 1 2 3 4 5 6 7 8 |  8.2
Ranged Weapons | 1 2 3 4 5 6 7 8 |  8.2
Throwing       | 1 2 3 4 5 6 7 8 |  8.2
Stealth        | 1 2 3 4 5 6 7 8 |  8.2
Shields        | 1 2 3 4 5 6 7 8 |  8.2
Unarmed Combat | 1 2 3 4 5 6 7 8 |  8.2
Spellcasting   | 1 2 3 4 5 6 7 8 |  8.2
Evocations     | 1 2 3 4 5 6 7 8 |  8.2
Conjurations   | 1 2 3 4 5 6 |  6.8
Hexes          | 1 2 3 4 5 6 |  6.8
Summonings     | 1 2 3 4 5 6 |  6.8
Necromancy     | 1 2 3 4 5 6 |  6.8
Translocations | 1 2 3 4 5 6 |  6.8
Transmutations | 1 2 3 4 5 6 |  6.8
Fire Magic     | 1 2 3 4 5 6 |  6.8
Ice Magic      | 1 2 3 4 5 6 |  6.8
Air Magic      | 1 2 3 4 5 6 |  6.8
Earth Magic    | 1 2 3 4 5 6 |  6.8
Poison Magic   | 1 2 3 4 5 6 |  6.8
Armour         | 5 6 7 8 9 |  9.5
Dodging        | 5 6 7 8 9 |  9.5
Fighting       | 7 8 9 10 | 10.5
Axes           | 7 8 9 10 | 10.5

Action                     |  1- 3 |  4- 6 |  7- 9 | 10-12 | 13-15 || total
---------------------------+-------+-------+-------+-------+-------++-------
  Melee: Hand axe          |    17 |       |    21 |       |       ||    38
         Dagger            |   117 |   205 |   423 |       |       ||   745
         Bite              |    18 |    29 |    64 |    94 |    18 ||   223
         Punch             |     1 |     6 |    15 |     2 |       ||    24
         War axe           |       |       |    10 |   565 |    57 ||   632
   Fire: Shortbow          |       |     6 |    81 |       |       ||    87
  Throw: Stone             |     6 |       |       |       |       ||     6
         Dart              |       |     1 |    13 |    50 |       ||    64
         Boomerang         |       |       |    14 |   191 |     8 ||   213
 Invoke: Berserk           |       |     4 |     6 |     7 |       ||    17
         Trog's Hand       |       |     1 |     2 |       |       ||     3
         Brothers in Arms  |       |       |       |     2 |     1 ||     3
  Evoke: Wand              |       |       |     4 |    12 |       ||    16
         Lightning rod     |       |       |       |     6 |     1 ||     7
    Use: Scroll            |     3 |     2 |    12 |     5 |       ||    22
         Potion            |       |     2 |     2 |     4 |       ||     8
   Stab: Sleeping          |     5 |     1 |       |       |       ||     6
         Distracted        |       |       |       |     1 |       ||     1
 Armour: Animal skin       |    26 |       |       |       |       ||    26
         Ring mail         |    25 |    68 |    57 |       |       ||   150
         Chain mail        |       |       |    80 |       |       ||    80
         Plate armour      |       |       |    45 |       |       ||    45
         Scale mail        |       |       |       |   152 |    10 ||   162
  Dodge: Dodged            |    88 |   109 |   290 |   396 |    19 ||   902
  Block: Buckler           |       |       |       |   117 |    14 ||   131

Table legend: (Time is in decaauts)
 A = Elapsed time spent in this place.
 B = Non-inter-level travel time spent in this place.
 C = Inter-level travel time spent in this place.
 D = Time resting spent in this place.
 E = Time spent auto-exploring this place.
 F = Levels seen in this place.
 G = Mean time per level.
                   A        B        C        D        E       F      G
               +--------+--------+--------+--------+--------+-----+--------+
         Total |  12757 |  12035 |    722 |   1305 |   7610 |  13 |  981.3 |
       Dungeon |  11575 |  10853 |    722 |    599 |   7528 |  12 |  964.6 |
      Ice Cave |   1181 |   1181 |      0 |    706 |     82 |   1 | 1181.0 |
               +--------+--------+--------+--------+--------+-----+--------+

Top non-repeatable levels by time:
     D:4: 1486 daAuts
   IceCv: 1181 daAuts
     D:9: 1125 daAuts
     D:6: 1038 daAuts
     D:1: 1022 daAuts
    D:11: 981 daAuts
    D:10: 904 daAuts
     D:2: 903 daAuts
     D:3: 889 daAuts
     D:7: 883 daAuts
     D:5: 882 daAuts
     D:8: 766 daAuts
    D:12: 691 daAuts

Table legend:
 A = Kills in this place as a percentage of kills in the entire game.
 B = Kills by you in this place as a percentage of kills by you in the entire game.
 C = Kills by friends in this place as a percentage of kills by friends in the entire game.
 D = Other kills in this place as a percentage of other kills in the entire game.
 E = Experience gained in this place as a percentage of experience gained in the entire game.
 F = Experience gained in this place divided by the number of levels of this place that you have seen.
                   A       B       C       D       E      F
               +-------+-------+-------+-------+-------+----------------------
         Total | 100.0 | 100.0 | 100.0 |   N/A | 100.0 | 2594.9
       Dungeon |  92.8 |  92.8 | 100.0 |   N/A |  81.7 | 2295.7
      Ice Cave |   7.2 |   7.2 |   0.0 |   N/A |  18.3 | 6186.0
               +-------+-------+-------+-------+-------+----------------------

Levels and vault maps discovered:
D:1:      mrwooster_arrival_statue_3, layout_basic, minmay_misc_feat_x,
          minmay_rat_gold_closets
D:2:      layout_basic
D:3:      layout_rooms, gammafunk_ghost_abyssal_escape, serial_shops,
          nicolae_shop_real_fake_doors, amcnicky_mini_rare_corridor_liquid,
          hex_large
D:4:      gammafunk_wand_slinger, layout_loops_corners,
          minmay_misc_feat_encased, kennysheep_cluttered_room, chequers_jeans,
          uniq_pikel, uniq_crazy_yiuf_cottage
D:5:      layout_loops_ring, hangedman_feature_mirror
D:6:      layout_gridville, grunt_dithmenos_smoke_and_mirrors,
          minmay_temple_entry_waves, nrook_pool_corridor, minmay_checkerbox
D:7:      minmay_blocky_corners, layout_basic, gammafunk_ghost_arena,
          st_stairs_1
D:8:      layout_loops_cross, mainiacjoe_overflow_alcove_4,
          jmf_multi_god_temple2
D:9:      layout_loops_ring, minmay_diamond_spiral
D:10:     layout_grid_maze, kennysheep_ying_yang, lair_entry_dummy
D:11:     layout_basic, portal_ice_cave_entry_ice_simulacra
D:12:     layout_rooms, orc_0_dummy, fedhas_bush_and_centaur_altar, uniq_azrael
